 Dungeon Crawl Stone Soup version 0.14-a0-1168-gf5005bf (webtiles) character file.

889 PolkaDot the Gusty (level 7, 0/46 HPs)
             Began as a Vampire Air Elementalist on Nov 29, 2013.
             Was an Initiate of Vehumet.
             Killed from afar by Sigmund (6 damage)
             ... with a puff of flame
             ... on Level 6 of the Dungeon.
             The game lasted 00:19:24 (4966 turns).

PolkaDot the Gusty (Vampire Air Elementalist)       Turns: 4966, Time: 00:19:24

HP   0/46        AC  5     Str  7      XL: 7   Next: 19%
MP  11/15        EV 12     Int 19      God: Vehumet [......]
Gold 282         SH  0     Dex 14      Spells:  4 memorised,  3 levels left

rFire  . . .     SeeInvis +     m - +0 whip (elec)
rCold  . . .     Clarity  .     a - +0 robe
rNeg   . . .     Conserve .     (no shield)
rPois  .         rCorr    .     (no helmet)
rElec  .         rRot     .     (no cloak)
SustAb . .       Spirit   .     (no gloves)
rMut   .         Warding  .     (no boots)
Saprov . . .     Stasis   .     (no amulet)
                                (no ring)
                                h - +3 ring of protection

@: regenerating quickly, flying, very quick, slightly resistant to hostile
enchantments, stealthy
A: bottle blood, fangs 3, see invisible, unbreathing
a: Bottle Blood, Renounce Religion


You were on level 6 of the Dungeon.
You worshipped Vehumet.
Vehumet was noncommittal.
You were full.

You visited 2 branches of the dungeon, and saw 7 of its levels.

You collected 282 gold pieces.

Inventory:

Hand weapons
 m - a +0,+0 whip of electrocution (weapon)
Armour
 a - a +0 robe (worn)
Magical devices
 k - a wand of cold (2)
 n - a wand of digging (11)
Scrolls
 c - 3 scrolls of blinking
 e - a scroll of remove curse {unknown}
 f - a scroll of noise {unknown}
 o - a scroll of teleportation
Jewellery
 h - a +3 ring of protection (left hand)
 j - an uncursed ring of sustain abilities {unknown}
Potions
 d - a potion of heal wounds
 i - 2 potions of curing
 p - a potion of poison
Books
 b - a book of Air

   Spells                             Type                      Level
   *Shock                             Conjuration/Air              1
   *Swiftness                         Charms/Air                   2
   Repel Missiles                     Charms/Air                   2
   *Flight                            Charms/Air                   3
   *Static Discharge                  Conjuration/Air              3
   Lightning Bolt                     Conjuration/Air              5
 l - a book of Power

   Spells                             Type                      Level
   Iskenderun's Mystic Blast          Conjuration                  4
   Venom Bolt                         Conjuration/Poison           5
   Bolt of Magma                      Conjuration/Fire/Earth       5
   Fulminant Prism                    Conjuration/Hexes            5
   Iron Shot                          Conjuration/Earth            6
   Orb of Destruction                 Conjuration                  7


   Skills:
 - Level 2.1 Dodging
 - Level 3.0 Stealth
 + Level 3.1 Spellcasting
 * Level 3.4 Conjurations
 * Level 6.0 Air Magic


You had 3 spell levels left.
You knew the following spells:

 Your Spells              Type           Power        Failure   Level  Hunger
a - Shock                 Conj/Air       ###.         1%          1    None
s - Static Discharge      Conj/Air       ###.....     8%          3    ###....
F - Flight                Chrm/Air       ##........   14%         3    ###....
S - Swiftness             Chrm/Air       ##......     10%         2    ##.....


Dungeon Overview and Level Annotations

Branches:
Dungeon (6/16)             Temple (1/1) D:4

Altars:
Ashenzari
Elyvilon
Kikubaaqudgha
Makhleb
Nemelex Xobeh
Okawaru
Sif Muna
Trog
Vehumet
Xom
Yredelemnul
Zin
the Shining One

Shops:
D:5 (

Annotations:
D:3 senseless' ghost, average FoFi
D:6 Sigmund


Innate Abilities, Weirdness & Mutations

Your natural rate of healing is unusually fast.
You can bottle blood from corpses.
You have razor-sharp teeth.*
You have supernaturally acute eyesight.
You can survive without breathing.*


Message History

You hit the goblin.
You kill the goblin!
Vehumet accepts your kill. Sigmund hits you with a glowing scythe.
You hit Sigmund but do no damage.
There is a sudden explosion of sparks!
Sigmund is severely wounded.
You feel sick. Sigmund hits you with a glowing scythe.
You hit Sigmund but do no damage.
Sigmund is severely wounded.
Sigmund hits you with a glowing scythe!
* * * LOW HITPOINT WARNING * * *
You hit Sigmund.
Sigmund is severely wounded.
* * * LOW HITPOINT WARNING * * *
You feel sick.
You feel better.
Sigmund says, "Look into my eyes."
Sigmund gestures at you while chanting. The puff of flame hits you!
You die...

......'>#### #.......#
#.#
......#....###.......#...
......####...%.......#.#
####'## #####.........#
#.# #.......### #.##
######.## #..# #.$..#
#####'## ##.#### .......#
#.@# .....).# ###@######
.......# #....g...#
.......# #......@...#
.......# #.#..........
.......# .. #...$....##
.......+.# #........#
.......# #######.##
######## .#


You could see Sigmund (invisible).

Vanquished Creatures
  Edmund (D:4)
  A water moccasin (D:4)
  2 crimson imps (D:5)
  A scorpion (D:4)
  An orc priest (D:4)
  An orc wizard (D:4)
  An iguana (D:5)
  3 worker ants
  6 adders
  A giant mite (D:6)
  A worm (D:2)
  2 giant geckos
  An ooze (D:2)
  3 orcs (D:4)
  2 ball pythons
  10 bats
  3 bat zombies (D:2)
  3 giant cockroaches
  7 hobgoblins
  4 jackals (D:5)
  10 kobolds
  4 giant newts
  19 goblins
  A kobold skeleton (D:4)
  An orc skeleton (D:6)
  A quokka (D:4)
  38 rats
128 creatures vanquished.

Notes
Turn   | Place    | Note
--------------------------------------------------------------
     0 | D:1      | PolkaDot, the Vampire Air Elementalist, began the quest for the Orb.
     0 | D:1      | Reached XP level 1. HP: 13/13 MP: 4/4
   173 | D:1      | Reached skill level 1 in Conjurations
   198 | D:1      | Reached XP level 2. HP: 5/19 MP: 3/5
   481 | D:1      | Learned a level 2 spell: Swiftness
   741 | D:2      | Reached XP level 3. HP: 24/24 MP: 6/6
  1191 | D:2      | Found an ancient bone altar of Kikubaaqudgha.
  2050 | D:2      | Reached skill level 4 in Air Magic
  2196 | D:2      | Reached XP level 4. HP: 25/30 MP: 4/8
  2344 | D:2      | Learned a level 3 spell: Static Discharge
  2465 | D:2      | Found a shimmering altar of Xom.
  2901 | D:3      | Noticed senseless' ghost (average FoFi)
  3135 | D:4      | Noticed a water moccasin
  3152 | D:4      | Killed a water moccasin
  3152 | D:4      | Reached XP level 5. HP: 28/35 MP: 3/10
  3163 | D:4      | Noticed Edmund
  3253 | D:4      | Killed Edmund
  3253 | D:4      | Reached skill level 5 in Air Magic
  3253 | D:4      | Reached XP level 6. HP: 22/41 MP: 0/12
  3721 | D:4      | Found a staircase to the Ecumenical Temple.
  3731 | Temple   | Entered the Ecumenical Temple
  3893 | Temple   | Became a worshipper of Vehumet
  4339 | D:5      | Entered Level 5 of the Dungeon
  4384 | D:5      | Learned a level 3 spell: Flight
  4602 | D:5      | Reached XP level 7. HP: 44/46 MP: 15/15
  4646 | D:5      | Found Goad's Antique Weapon Shop.
  4936 | D:6      | Reached skill level 6 in Air Magic
  4948 | D:6      | Noticed Sigmund
  4966 | D:6      | Killed from afar by Sigmund

Action                   |  1- 3 |  4- 6 |  7- 9 || total
-------------------------+-------+-------+-------++-------
Melee: Unarmed           |    36 |       |       ||    36
       Dagger            |    31 |       |       ||    31
       Short sword       |    94 |    13 |       ||   107
       Whip              |       |   198 |    19 ||   217
 Cast: Shock             |    42 |     5 |       ||    47
       Static Discharge  |       |    17 |       ||    17
       Swiftness         |       |     1 |     1 ||     2
       Flight            |       |       |     1 ||     1
Evoke: Wand              |       |     1 |     1 ||     2
  Use: Potion            |     1 |     5 |       ||     6
       Scroll            |       |     5 |     3 ||     8
 Stab: Sleeping          |     5 |     2 |     2 ||     9
